 Dungeon Crawl Stone Soup version 0.27.1-3-gb3d3a73c9e (webtiles) character file.

Game seed: 15406659777334226755

392 oldmanjim the Caller (level 6, 0/35 HPs)
             Began as a Tengu Summoner on Oct 5, 2021.
             Slain by a centaur (1 damage)
             ... on level 5 of the Dungeon on Oct 6, 2021.
             The game lasted 00:55:18 (5304 turns).

oldmanjim the Caller (Tengu Summoner)               Turns: 5304, Time: 00:55:20

Health: 0/35       AC:  8    Str:  8    XL:     6   Next: 81%
Magic:  5/11       EV: 23    Int: 17    God:
Gold:   218        SH:  0    Dex: 15    Spells: 4/11 levels left

rFire    + + .     SeeInvis .   (weapon currently unavailable)
rCold    + + .     Faith    .   (shield currently unavailable)
rNeg     + + +     Spirit   .   (armour currently unavailable)
rPois    ∞         Reflect  .   (helmet currently unavailable)
rElec    +         Harm     .   (cloak currently unavailable)
rCorr    +         Rampage  .   (gloves currently unavailable)
Will     .....                  (boots unavailable)
Stlth    ++........             (amulet currently unavailable)
HPRegen  0.11/turn              (ring currently unavailable)
MPRegen  0.12/turn              (ring currently unavailable)

@: wisp-form, flying quickly and evasively, quick
A: insubstial, flying, no casting, tiny, (beak), (talons 3), nimble flight
a: no special abilities


You were on level 5 of the Dungeon.
You were an insubstantial wisp.
You visited 1 branch of the dungeon, and saw 5 of its levels.
You also visited: Sewer.

You collected 218 gold pieces.

Inventory:

Hand Weapons
 a - a +0 dagger (melded)
Missiles
 b - 41 poisoned darts (quivered)
 c - 67 stones
 f - 52 bolts
Armour
 d - a +0 buckler (melded)
 e - a +0 pair of gloves (melded)
 g - a +0 kite shield
 h - a +0 leather armour (melded)
Jewellery
 k - an amulet of reflection (melded)
 p - a +6 ring of strength (melded)
 q - a ring of willpower (melded)
Wands
 m - a wand of paralysis (7)
 u - a wand of charming (10)
Scrolls
 l - a scroll of enchant armour {unknown}
 n - a scroll of noise {unknown}
 o - 2 scrolls of identify {unknown}
 r - a scroll of immolation {unknown}
 v - a scroll of silence {unknown}
Potions
 j - a potion of might {unknown}
 s - a potion of degeneration {unknown}
 t - a potion of curing {unknown}


   Skills:
 + Level 2.1 Fighting
 - Level 3.0 Dodging
 - Level 3.0 Stealth
 + Level 4.5 Shields
 - Level 3.0 Spellcasting
 - Level 5.0 Summonings
 + Level 1.3 Air Magic


You had 4 spell levels left.
You knew the following spells:

 Your Spells              Type           Power      Damage    Failure   Level
a - Summon Small Mammal   Summ           76%        N/A       2%          1
b - Call Imp              Summ           19%        N/A       3%          2
c - Summon Lightning Spi  Summ/Air       13%        N/A       43%         4

Your spell library contained the following spells:

 Spells                   Type           Power      Damage    Failure   Level
 Call Canine Familiar     Summ           19%        N/A       7%          3
 Animate Skeleton         Necr           4%         N/A       17%         1
 Apportation              Tloc           4%         N/A       17%         1
 Corona                   Hex            2%         N/A       17%         1
 Freeze                   Ice            8%         1d3       17%         1
 Summon Guardian Golem    Hex/Summ       11%        N/A       19%         3
 Ensorcelled Hibernation  Hex/Ice        4%         N/A       26%         2
 Dazzling Flash           Conj/Hex       4%         N/A       45%         3
 Frozen Ramparts          Ice            4%         1d2       45%         3
 Tukima's Dance           Hex            2%         N/A       45%         3
 Hailstorm                Conj/Ice       2%         3d3       86%         4
 Iskenderun's Mystic Bla  Conj/Tloc      2%         2d3       86%         4
 Starburst                Conj/Fire      1%         6d3       100%        6


Dungeon Overview and Level Annotations

Branches:
Dungeon (5/15)              Sewer (visited)
 Temple: D:4-7

Altars:
Vehumet

Annotations:
D:4 Ijyb
D:5 Duvessa


Innate Abilities, Weirdness & Mutations

You are an insubstantial wisp.
Your tiny insubstantial body is highly resistant to most damage types.
You are flying.
Your equipment is entirely melded.
You are incapable of wielding weapons or throwing items.
You cannot cast spells.
((You have a beak for a mouth.))
((You have claws for feet.))
Your magical nature lets you fly swiftly and evasively.


Message History

Your +6 ring of strength melds into your body.
Your ring of willpower melds into your body.
Your amulet of reflection melds into your body.
You feel weaker.
Duvessa zaps a wand.
You resist with some effort.
Duvessa zaps a wand.
You resist with some effort.
Your magical contamination has completely faded away.
The centaur wields a +2 shortbow of flaming.
It bursts into flame!
The centaur shoots an arrow.
The arrow misses you.
Found a book of Decay.
The adder completely misses you.
The centaur unwields a +2 shortbow of flaming.
It stops flaming.
The centaur hits you but does no damage.
The centaur completely misses you.
Your shadow imp hits Duvessa but does no damage.
The centaur wields a +2 shortbow of flaming.
It bursts into flame!
The centaur shoots an arrow.
The arrow closely misses you. Duvessa barely misses your shadow imp.
Your shadow imp hits Duvessa.
You see here a book of Armaments.
The centaur shoots an arrow.
The arrow misses you. The killer bee completely misses you.
The killer bee stings you.
* * * LOW HITPOINT WARNING * * *
The killer bee completely misses you. The killer bee misses you. x2
Your shadow imp hits Duvessa but does no damage.
The killer bee closely misses you. x2
The killer bee completely misses you.
The killer bee misses you. x2; The killer bee completely misses you.
The killer bee misses you. The killer bee barely misses you.
You see here a book of Decay.
You touch the centaur but do no damage.
The killer bee closely misses you. The killer bee completely misses you.
The killer bee stings you but does no damage.
The centaur unwields a +2 shortbow of flaming.
It stops flaming.
The centaur hits you.
* * * LOW HITPOINT WARNING * * *
The centaur kicks you.
You die...

..[......########
..#.......#.....##
.!#........:.....##
..#.....5.........#
.........5..e.....#
..................#
..#...............#
..#...........yyyS#
..#............yv##
..#.......#....c##
..#.....#........
....e...#.........
..#.....#.........
..#.....#.........
. #.....#.......
..............
..######


You could see Duvessa, a centaur, 4 killer bees, an adder and a friendly shadow
imp (summoned).

Vanquished Creatures
  A centaur (D:4)
  3 adders
  An adder skeleton (D:4)
  A dart slug (D:3)
  4 orcs (D:3)
  4 ball pythons
  7 endoplasms
  8 giant cockroaches
  3 goblins
  5 quokkas (Sewer)
  A frilled lizard (Sewer)
  A kobold (D:1)
  2 rats
41 creatures vanquished.

Vanquished Creatures (collateral kills)
  2 bullfrogs (Sewer)
  An orc priest (D:3)
  Terence (D:3)
  2 orc wizards (D:3)
  2 river rats (D:3)
  5 adders
  A worm (D:3)
  A dart slug (D:1)
  6 orcs (D:3)
  7 endoplasms
  11 giant cockroaches
  4 goblins
  3 hobgoblins
  2 kobolds
  7 quokkas
  13 ball pythons
  A bat (D:1)
  16 frilled lizards
  2 rats (D:1)
87 creatures vanquished.

Grand Total: 128 creatures vanquished

Notes
Turn   | Place    | Note
-------+----------+-------------------------------------------
     0 | D:1      | oldmanjim the Tengu Summoner began the quest for the Orb.
     0 | D:1      | Reached XP level 1. HP: 10/10 MP: 4/4
   810 | D:1      | Reached XP level 2. HP: 15/15 MP: 1/6
   963 | D:1      | Learned a level 2 spell: Call Imp
  1771 | D:2      | Reached skill level 5 in Summonings
  1847 | D:2      | Found a faded altar of an unknown god.
  2114 | D:2      | Reached XP level 3. HP: 19/19 MP: 2/7
  2567 | D:3      | Reached skill level 1 in Shields
  2567 | D:3      | Reached XP level 4. HP: 15/24 MP: 4/8
  2694 | D:3      | Found a glowing drain.
  2824 | Sewer    | Entered a sewer
  3020 | Sewer    | Gained mutation: Your magical nature lets you fly swiftly
                  | and evasively. [Tengu growth]
  3020 | Sewer    | Reached XP level 5. HP: 28/28 MP: 5/10
  3880 | D:3      | Reached XP level 6. HP: 28/33 MP: 9/11
  3950 | D:3      | Found a radiant altar of Vehumet.
  4081 | D:3      | Reached skill level 1 in Fighting
  4245 | D:3      | Noticed Terence
  4287 | D:3      | Killed Terence
  4790 | D:4      | Learned a level 4 spell: Summon Lightning Spire
  4903 | D:4      | Reached skill level 1 in Air Magic
  5017 | D:4      | Noticed Ijyb
  5238 | D:5      | Entered Level 5 of the Dungeon
  5275 | D:5      | Noticed Duvessa
  5304 | D:5      | HP: 1/35 [centaur (2)]
  5304 | D:5      | Slain by a centaur

Illustrated notes

Levels and vault maps discovered:
D:1:      dpeg_arrival_short_road, layout_rooms
D:2:      layout_loops_corners, dreamdust_ecumenical_altar_statues
D:3:      layout_basic, mainiacjoe_overflow_boulevard, portal_sewer_entry_e,
          grunt_ministairs_12, uniq_terence
D:4:      layout_rooms, kennysheep_little_box, mainiacjoe_overflow_24_doors,
          uniq_ijyb
D:5:      layout_rooms, mainiacjoe_overflow_alcove_4, okawaru_gym_becter,
          uniq_duvessa

Skill      XL: |  1  2  3  4  5  6 |
---------------+-------------------+-----
Summonings     | 5 |  5.0
Dodging        | 3 |  3.0
Stealth        | 3 |  3.0
Shields        | 1 2 4 |  4.5
Spellcasting   | 3 |  3.0
Fighting       | 2 |  2.1
Air Magic      | 1 |  1.3

Action                   |  1- 3 |  4- 6 || total
-------------------------+-------+-------++-------
Melee: Dagger            |    21 |   123 ||   144
       Kick              |     6 |    22 ||    28
       Peck              |     4 |    14 ||    18
       Unarmed           |       |     1 ||     1
Throw: Dart              |     5 |    32 ||    37
 Cast: Summon Small Mamm |    30 |     3 ||    33
       Call Imp          |    22 |    58 ||    80
  Use: Scroll            |       |     2 ||     2
 Stab: Sleeping          |     2 |     8 ||    10
       Distracted        |     1 |       ||     1
Armor: Robe              |     4 |       ||     4
       Leather armour    |     4 |    32 ||    36
       Skin              |       |     2 ||     2
Dodge: Dodged            |    31 |    95 ||   126
Block: Other             |     2 |    25 ||    27
       Reflection        |       |     4 ||     4
       Buckler           |       |    27 ||    27
